[Event "FIDE World Cup O10-B 2024"]
[Site "Batumi"]
[Date "2024.06.26"]
[Round "4.1"]
[White "Xia, Joshua"]
[Black "Zabelin, Platon"]
[Result "1/2-1/2"]
[ECO "B12"]
[WhiteElo "2060"]
[BlackElo "1799"]
[Annotator "NA RC"]
[PlyCount "65"]
[EventDate "2024.06.23"]
[EventType "swiss"]
[EventCountry "GEO"]
[SourceTitle "playchess.com"]
[Source "ChessBase"]
[SourceQuality "1"]
[TimeControl "5400+30"]

1. e4 c6 2. d4 d5 3. e5 Bf5 4. h4 h5 5. Bd3 Bxd3 6. Qxd3 Qa5+ 7. Nd2 e6 8. Ne2 Nh6 9. O-O Qa6 10. c4 Be7 11. g3 Nd7 12. Nf4 Nf5 13. b3 Nb6 14. Qc3 g5 15. hxg5 Bxg5 16. Nd3 Bxd2 17. Bxd2 Nd7 18. c5 Rg8 19. Bf4 h4 20. Kg2 O-O-O 21. Kf3 hxg3 22. fxg3 f6 23. Rg1 fxe5 24. Nxe5 Nxe5+ 25. Bxe5 Rdf8 26. Bf4 Nxg3 27. Qe3 Ne4 28. a4 Qa5 29. Rxg8 Rxg8 30. Rg1 Rh8 31. Rg7 Rh3+ 32. Bg3 Qd8 33. Kg2 1/2-1/2

[Event "FIDE World Cup O10-B 2024"]
[Site "Batumi"]
[Date "2024.06.26"]
[Round "4.2"]
[White "Yu, Zechen"]
[Black "Modith Aaroh Mutyalapati"]
[Result "1/2-1/2"]
[ECO "C14"]
[WhiteElo "1889"]
[BlackElo "1866"]
[Annotator "NA RC"]
[PlyCount "102"]
[EventDate "2024.06.23"]
[EventType "swiss"]
[EventCountry "GEO"]
[SourceTitle "playchess.com"]
[Source "ChessBase"]
[SourceQuality "1"]
[TimeControl "5400+30"]

1. e4 e6 2. d4 d5 3. Nc3 Nf6 4. Bg5 Be7 5. e5 Nfd7 6. Bxe7 Qxe7 7. Qd2 a6 8. f4 c5 9. Nf3 Nc6 10. Ne2 b5 11. c3 f6 12. exf6 Nxf6 13. Ng3 Bb7 14. Bd3 c4 15. Bc2 O-O-O 16. O-O-O g6 (16... Rde8 $142) 17. Rde1 Qd7 18. h4 Rdf8 $16 19. Re2 Qd6 20. Ng5 Nd8 21. Rhe1 Re8 22. Nh1 Bc6 23. Nf2 Bd7 24. Re5 Rhf8 25. h5 gxh5 26. Nxh7 Nxh7 27. Bxh7 Nc6 28. Rxh5 Rxf4 29. Nh3 Rg4 30. Rg5 Rxg5 31. Qxg5 e5 32. dxe5 Nxe5 33. Rd1 b4 34. cxb4 d4 35. Qd2 d3 36. Nf2 Nc6 37. Ne4 Qd4 38. Qf4 Ne5 39. Qf6 Be6 40. Qf2 Qxf2 41. Nxf2 Nc6 42. a3 Bd5 43. Bf5+ Kc7 44. Nxd3 cxd3 45. Bxd3 Kb6 46. Bxa6 Bb3 47. Rd3 Bf7 48. b5 Na5 49. Rd7 Nb3+ 50. Kd1 Bc4 51. Kc2 Rg8 1/2-1/2

[Event "FIDE World Cup O10-B 2024"]
[Site "Batumi"]
[Date "2024.06.26"]
[Round "4.3"]
[White "Shogdzhiev, Roman"]
[Black "Akramov, Khasan"]
[Result "1-0"]
[ECO "B36"]
[WhiteElo "2060"]
[BlackElo "1718"]
[Annotator "NA RC"]
[PlyCount "69"]
[EventDate "2024.06.23"]
[EventType "swiss"]
[EventCountry "GEO"]
[SourceTitle "playchess.com"]
[Source "ChessBase"]
[SourceQuality "1"]
[TimeControl "5400+30"]

1. e4 c5 2. Nf3 g6 3. d4 cxd4 4. Nxd4 Nc6 5. c4 Nf6 6. Nc3 Nxd4 7. Qxd4 d6 $1 8. f3 Bg7 9. Be3 O-O 10. Qd2 a5 {[%emt 0:00:30] B36: Sicilian: Maroczy Bind: Gurgenidze System.} 11. Na4 Nd7 12. Rd1 {[%emt 0:00:30] has lost popularity (12.0-0-0).} b6 13. Be2 Bb7 14. O-O Nc5 15. Nc3 f5 $146 ({Predecessor:} 15... Bc6 16. Nd5 f5 17. exf5 Rxf5 18. Bd3 Rf8 19. Rfe1 Bxd5 20. cxd5 Qd7 21. Qe2 Nxd3 22. Rxd3 {1-0 Browning,I (2006)-Ridge,M (1818) Ayr op 2023 (1)}) 16. exf5 Rxf5 17. Nd5 Bxd5 18. cxd5 Qd7 19. b3 b5 20. Rc1 Re5 21. f4 Re4 22. Bf3 Rb4 23. Kh1 Rc8 24. Qd1 Ne4 25. Rxc8+ Qxc8 26. a3 Qc3 27. axb4 Qxe3 28. Bxe4 Qxe4 29. bxa5 Qb4 30. Qe1 Bc3 31. Qe6+ Kf8 32. a6 Bd4 33. f5 g5 34. f6 Bxf6 35. a7 1-0

[Event "FIDE World Cup O10-B 2024"]
[Site "Batumi"]
[Date "2024.06.26"]
[Round "4.4"]
[White "Kazimzade, Mahammad"]
[Black "Ling, Chenxuan"]
[Result "0-1"]
[ECO "B23"]
[WhiteElo "1594"]
[BlackElo "1868"]
[Annotator "NA RC"]
[PlyCount "168"]
[EventDate "2024.06.23"]
[EventType "swiss"]
[EventCountry "GEO"]
[SourceTitle "playchess.com"]
[Source "ChessBase"]
[SourceQuality "1"]
[TimeControl "5400+30"]

1. e4 c5 2. Nc3 Nc6 3. Bb5 Nd4 4. Nf3 Nxb5 5. Nxb5 a6 6. Nc3 d6 7. d4 cxd4 $14 8. Nxd4 g6 9. O-O Bg7 10. Be3 Nf6 11. Qd2 O-O 12. Bh6 Qc7 13. Bxg7 Kxg7 14. f4 b5 15. a3 Bb7 16. Rae1 Rad8 17. f5 Qc5 18. Kh1 Ng4 19. Rf4 Nf6 20. Rh4 Kh8 21. fxg6 fxg6 22. Ne6 Qe5 23. Nxd8 Rxd8 24. Qh6 g5 25. Rh3 Bc8 26. Rf3 Rg8 27. Ref1 Ng4 28. Qh5 Nf6 29. Qf7 Rg7 30. Qb3 g4 31. Rf4 g3 32. Rh4 Be6 33. Nd5 Nxe4 34. Rf8+ Bg8 35. Ne3 Nf2+ 36. Kg1 Qg5 37. hxg3 Qxg3 38. Rh2 Ng4 39. Nxg4 Qe1+ 40. Rf1 Qxf1+ 41. Kxf1 Bxb3 42. Ne3 Bg8 43. Rh4 e5 44. a4 d5 45. axb5 axb5 46. Rb4 d4 47. Nf5 Rc7 48. Nh6 Be6 49. b3 Kg7 50. Rxb5 Kxh6 51. Rxe5 Bf7 52. Rf5 Bg6 53. Rd5 Bxc2 54. Rxd4 Bxb3 55. Rg4 Be6 56. Re4 Bf5 57. Re3 Kg5 58. Kg1 Rc2 59. Kh2 h5 60. Rg3+ Kf6 61. Rg8 h4 62. Rf8+ Kg5 63. Rg8+ Kf4 64. Rg7 Rd2 65. Rg8 Ra2 66. Rg7 Rb2 67. Rg8 Rc2 68. Rg7 Rc6 69. Rg8 Rg6 70. Rb8 Ra6 71. Rg8 Ra2 72. Rg7 h3 73. Rg8 Bg4 74. Rf8+ Ke5 75. Re8+ Kf6 76. Kh1 hxg2+ 77. Kg1 Kg5 78. Re1 Bf3 79. Kh2 Rf2 80. Kg1 Ra2 81. Kh2 Kf4 82. Kg1 Kg3 83. Rc1 Rd2 84. Ra1 Kh3 0-1

[Event "FIDE World Cup O10-B 2024"]
[Site "Batumi"]
[Date "2024.06.26"]
[Round "4.5"]
[White "Shen, Houlin"]
[Black "Rahul Ramakrishnan"]
[Result "0-1"]
[ECO "C06"]
[WhiteElo "1583"]
[BlackElo "1838"]
[Annotator "NA RC"]
[PlyCount "36"]
[EventDate "2024.06.23"]
[EventType "swiss"]
[EventCountry "GEO"]
[SourceTitle "playchess.com"]
[Source "ChessBase"]
[SourceQuality "1"]
[TimeControl "5400+30"]

1. e4 e6 2. d4 d5 3. Nd2 Nf6 4. e5 Nfd7 5. Bd3 c5 6. c3 b6 7. h4 Ba6 8. Bxa6 Nxa6 9. Ndf3 cxd4 10. cxd4 Bb4+ 11. Bd2 $14 Bxd2+ 12. Qxd2 O-O 13. Ne2 f6 14. exf6 Nxf6 15. Nc3 b5 16. Qe2 Nc7 17. a3 Rb8 18. O-O Ra8 0-1

[Event "FIDE World Cup O10-B 2024"]
[Site "Batumi"]
[Date "2024.06.26"]
[Round "4.6"]
[White "Azimov, Yasin"]
[Black "Jibladze, Nikoloz"]
[Result "1/2-1/2"]
[ECO "B21"]
[WhiteElo "1833"]
[BlackElo "1612"]
[Annotator "NA RC"]
[PlyCount "111"]
[EventDate "2024.06.23"]
[EventType "swiss"]
[EventCountry "GEO"]
[SourceTitle "playchess.com"]
[Source "ChessBase"]
[SourceQuality "1"]
[TimeControl "5400+30"]

1. e4 c5 2. d3 Nc6 3. f4 d6 4. Nf3 g6 5. c3 Bg7 6. Be2 e6 7. O-O Nge7 8. Be3 O-O 9. Nbd2 f5 10. Qe1 b6 11. Kh1 fxe4 12. dxe4 d5 13. Rd1 Qc7 14. g3 Bb7 15. Ng5 Nd8 16. Bg4 Qc8 17. exd5 h6 18. Nge4 Nxd5 19. Bf3 Nf7 20. Nc4 Qc7 21. Bg1 Ba6 22. b3 Rad8 23. Bg4 Rfe8 24. Rf2 Bb7 25. Bf3 b5 26. Ne3 Nxe3 27. Rxd8 Rxd8 28. Qxe3 c4 29. Nc5 Bxf3+ 30. Rxf3 Qc6 31. Qe4 Qxe4 32. Nxe4 Rd1 33. bxc4 bxc4 34. Kg2 Nd6 35. Nxd6 Rxd6 36. Bxa7 Ra6 37. Bc5 Rxa2+ 38. Kh3 Kf7 39. Re3 Rc2 40. Bb4 Rc1 41. Kg4 Bf6 42. Kf3 g5 43. Ke4 g4 44. f5 exf5+ 45. Kxf5 h5 46. Re4 Bxc3 47. Rxc4 Bd2 48. Rxc1 Bxc1 49. Bc5 Bb2 50. Kg5 Ke6 51. Kxh5 Kf5 52. Be7 Bd4 53. Bd8 Bg1 54. Kh4 Bxh2 55. Bb6 Bxg3+ 56. Kxg3 1/2-1/2

[Event "FIDE World Cup O10-B 2024"]
[Site "Batumi"]
[Date "2024.06.26"]
[Round "4.7"]
[White "Lazarev, Egor"]
[Black "Karthik, Anand T."]
[Result "0-1"]
[ECO "C07"]
[WhiteElo "1683"]
[BlackElo "2022"]
[Annotator "RC"]
[PlyCount "94"]
[EventDate "2024.06.23"]
[EventType "swiss"]
[EventCountry "GEO"]
[SourceTitle "playchess.com"]
[Source "ChessBase"]
[SourceQuality "1"]
[TimeControl "5400+30"]

1. e4 e6 2. d4 d5 3. Nd2 c5 4. exd5 Qxd5 5. Ngf3 cxd4 6. Bc4 Qd8 7. O-O Nc6 8. Nb3 Nf6 9. Nbxd4 Nxd4 10. Qxd4 Qxd4 11. Nxd4 a6 12. c3 Bc5 13. Nb3 Be7 14. Be3 b5 15. Be2 Nd5 16. Bd4 O-O 17. Bf3 Bd7 18. Bxd5 exd5 19. Bc5 Bxc5 20. Nxc5 Bc6 21. f3 a5 22. a3 Rfb8 23. b4 Re8 24. Kf2 Re7 25. Nb3 a4 26. Nc5 Rae8 27. Rfe1 Rxe1 28. Rxe1 Rxe1 29. Kxe1 Kf8 30. Kd2 Ke7 31. Ke3 Kd6 32. Kd4 f6 33. g4 g5 34. Nd3 Bd7 35. Nc1 f5 36. gxf5 Bxf5 37. Ne2 h5 38. Ke3 Bd7 39. f4 g4 40. h4 gxh3 41. Ng3 h4 42. Nf1 Bf5 43. Nh2 Be4 44. c4 bxc4 45. Kd4 Bf5 46. Nf3 Bg4 47. Nh2 Bd7 0-1

[Event "FIDE World Cup O10-B 2024"]
[Site "Batumi"]
[Date "2024.06.26"]
[Round "4.8"]
[White "Akramov, Khusan"]
[Black "Zhauynbay, Alimzhan"]
[Result "0-1"]
[ECO "A25"]
[WhiteElo "1477"]
[BlackElo "1903"]
[Annotator "NA RC"]
[PlyCount "62"]
[EventDate "2024.06.23"]
[EventType "swiss"]
[EventCountry "GEO"]
[SourceTitle "playchess.com"]
[Source "ChessBase"]
[SourceQuality "1"]
[TimeControl "5400+30"]

1. c4 e5 2. g3 Nc6 3. Bg2 Bc5 4. Nc3 d6 5. a3 a5 6. e3 h5 7. h3 h4 8. g4 f5 9. f3 Nf6 10. Nge2 O-O 11. d3 Ba7 12. Bd2 Be6 13. Qc2 Qd7 14. O-O-O Ne7 15. g5 Nh7 16. f4 c6 17. Ng1 Rab8 18. Nf3 Ng6 19. a4 Rfc8 20. c5 Bxc5 21. fxe5 dxe5 22. d4 exd4 23. exd4 Bd6 24. Be1 Qf7 25. Qf2 Bg3 26. Qg1 Bf4+ 27. Bd2 Bd6 28. Be1 Bb3 29. Rd3 b5 30. axb5 cxb5 31. Kd2 b4 0-1

[Event "FIDE World Cup O10-B 2024"]
[Site "Batumi"]
[Date "2024.06.26"]
[Round "4.9"]
[White "AlJamaat, Khaled"]
[Black "Kvaratskhelia, Giorgi"]
[Result "1-0"]
[ECO "D35"]
[WhiteElo "1644"]
[BlackElo "1548"]
[Annotator "NA RC"]
[PlyCount "149"]
[EventDate "2024.06.23"]
[EventType "swiss"]
[EventCountry "GEO"]
[SourceTitle "playchess.com"]
[Source "ChessBase"]
[SourceQuality "1"]
[TimeControl "5400+30"]

1. d4 d5 2. c4 e6 3. Nc3 Nf6 4. Nf3 Be7 5. Bg5 O-O 6. e3 c6 7. cxd5 exd5 8. Bd3 h6 9. Bh4 Bg4 10. O-O Ne4 11. Bg3 f5 12. Re1 Nd7 13. Be2 g5 14. h3 Nxg3 15. fxg3 Bh5 16. Nd2 Bxe2 17. Qxe2 Bd6 18. Qf3 Qc7 19. Nf1 Kg7 20. Rac1 Qb6 21. Qe2 Rae8 22. Qd3 Ra8 23. Qe2 Rae8 24. Qd3 Qd8 25. Re2 Qb8 26. Rf2 f4 27. gxf4 gxf4 28. e4 dxe4 29. Nxe4 Nf6 30. Nfd2 Nd5 31. Nxd6 Qxd6 32. Nc4 Qf6 33. Rcf1 Ne3 34. Rc1 Nxc4 35. Rxc4 Re3 36. Qd2 Rg3 37. d5 f3 38. Rg4+ Rxg4 39. hxg4 cxd5 40. Rxf3 Qb6+ 41. Kh1 Rxf3 42. gxf3 Qe6 43. Qd4+ Kg6 44. Kg2 Qe2+ 45. Qf2 Qxf2+ 46. Kxf2 Kg5 47. Kg3 d4 48. f4+ Kf6 49. Kf3 Ke6 50. Ke4 d3 51. Kxd3 Kd5 52. Ke3 b6 53. b3 b5 54. b4 a6 55. a3 Kd6 56. Kd4 Ke6 57. Kc5 Kd7 58. Kb6 Kd6 59. Kxa6 Kd5 60. Kxb5 Ke4 61. a4 Kxf4 62. a5 Kxg4 63. a6 h5 64. a7 h4 65. a8=Q Kg3 66. Qh1 h3 67. Kc4 Kg4 68. b5 Kg3 69. b6 Kg4 70. Qh2 Kg5 71. Qxh3 Kf6 72. b7 Ke5 73. b8=Q+ Kf6 74. Qf8+ Ke5 75. Qe3# 1-0

[Event "FIDE World Cup O10-B 2024"]
[Site "Batumi"]
[Date "2024.06.26"]
[Round "4.10"]
[White "Muhammad Shayan Noushad Ibrahi"]
[Black "Bergmann, Rafael Antonio"]
[Result "1/2-1/2"]
[ECO "C44"]
[WhiteElo "1785"]
[BlackElo "1743"]
[Annotator "NA RC"]
[PlyCount "72"]
[EventDate "2024.06.23"]
[EventType "swiss"]
[EventCountry "GEO"]
[SourceTitle "playchess.com"]
[Source "ChessBase"]
[SourceQuality "1"]
[TimeControl "5400+30"]

1. e4 e5 2. Nf3 Nc6 3. c3 d6 4. d4 Bg4 5. d5 Nce7 6. Be2 Nf6 7. Be3 Qd7 8. Nbd2 h6 9. Qb3 c6 10. O-O-O Qc7 11. dxc6 bxc6 12. Qa4 Bd7 13. Rhe1 Rb8 14. Ba6 d5 15. Bc5 Ng6 16. Bxf8 Kxf8 17. Qa3+ Kg8 18. Qc5 Rb6 19. Bf1 Qb8 20. b3 Bg4 21. exd5 cxd5 22. h3 Be6 23. g4 Nd7 24. Qa5 Rc6 25. Kb2 Rc5 26. Qa6 Qc7 27. Rc1 Ra5 28. Qd3 e4 29. Qc2 exf3 30. b4 Qb8 31. Ka1 Rb5 32. Bxb5 Qxb5 33. Nxf3 Nf4 34. Nd4 Qc4 35. Re3 Ng2 36. Rg3 Nf4 1/2-1/2

[Event "FIDE World Cup O10-B 2024"]
[Site "Batumi"]
[Date "2024.06.26"]
[Round "4.11"]
[White "Makhsatuly, Rakhim"]
[Black "Kiringoda, Thehas Rithmitha"]
[Result "1-0"]
[ECO "B15"]
[WhiteElo "1630"]
[BlackElo "1641"]
[Annotator "NA RC"]
[PlyCount "89"]
[EventDate "2024.06.23"]
[EventType "swiss"]
[EventCountry "GEO"]
[SourceTitle "playchess.com"]
[Source "ChessBase"]
[SourceQuality "1"]
[TimeControl "5400+30"]

1. e4 c6 2. d4 d5 3. Nc3 dxe4 4. Nxe4 Nf6 5. Nxf6+ exf6 6. c3 Bd6 7. Bd3 O-O 8. Qc2 Re8+ 9. Ne2 h5 10. Be3 Nd7 11. c4 Nf8 12. O-O-O Be6 13. a3 Rc8 14. Nc3 a6 15. Kb1 Qc7 16. c5 Be7 17. Be4 Red8 18. g3 Bd5 19. Na4 Bxe4 20. Qxe4 Re8 21. Qf3 Qa5 22. Nb6 Ne6 23. Nxc8 Rxc8 24. Qxh5 Nc7 25. Qf5 Rd8 26. Qc2 Nd5 27. Rhe1 Qc7 28. Bf4 Qd7 29. Qe4 Bf8 30. h3 b6 31. Rc1 bxc5 32. dxc5 g6 33. h4 Bg7 34. Qc4 Qb7 35. Re2 a5 36. Rce1 Qa8 37. h5 g5 38. Bc1 Rb8 39. Ka2 Kh7 40. Be3 Rd8 41. Bd4 Qc8 42. h6 Bh8 43. Re7 Nxe7 44. Qxf7+ Kxh6 45. Rh1+ 1-0